AoeStats
← brutarys

Arabia

510601592Analyzed
1v1 RM · 19h ago on Oct 1, 2026· 30m 7s· 2 players
Game mode
Random Map
Map size
Tiny (2 player)
Population
200
Speed
Normal
Resources
Standard
Victory
Conquest
Starting age
Dark Age
Ending age
Imperial Age
RankedLock teamsTeams togetherTeam positionsShared explorationLock speedFull tech treeHidden civsTurbo modeCheats
Victory
Defeat
🇺🇸 Franks · United States
760
+17
🇨🇿 Lithuanians · Czechia
787
-17
krockgreen
10:24 Feudal Age
10:59 Double-Bit Axe
14:37 Forging
16:01 Scale Barding Armor
23:29 Castle Age
23:28 Gold Mining
28:05 Wheelbarrow
27:52 Fletching
28:38 Iron Casting
brutarys
7:57 Loom
10:22 Feudal Age
10:59 Double-Bit Axe
10:58 Horse Collar
20:46 Castle Age
21:03 Forging
22:02 Bow Saw
27:56 Iron Casting
Connection lost

Rejoining the realm…

Still unreachable

The connection could not be restored.

Session expired

The server has moved on; the page needs a fresh start.